 Dungeon Crawl Stone Soup version 0.22-a0-374-g5dfd9e3 (webtiles) character file.

259 Amnesiac the Skirmisher (level 5, -1/42 HPs)
             Began as a Mummy Fighter on Apr 26, 2018.
             Killed by divine providence
             ... invoked by an orc priest
              (9 damage)
             ... on level 3 of the Dungeon.
             The game lasted 00:05:39 (3799 turns).

Amnesiac the Skirmisher (Mummy Fighter)             Turns: 3799, Time: 00:05:39

Health: -1/42      AC: 10    Str: 20    XL:     5   Next: 94%
Magic:  5/5        EV:  8    Int:  8    God:
Gold:   92         SH:  9    Dex: 11    Spells: 4/4 levels left

rFire    x . .     SeeInvis .   n - +1 whip (elec)
rCold    + . .     Gourm    .   c - +0 shield
rNeg     + + +     Faith    .   b - +0 scale mail
rPois    ∞         Spirit   .   m - +0 helmet
rElec    .         Reflect  .   (no cloak)
rCorr    .         Harm     .   f - +1 pair of gloves
MR       .....                  (no boots)
Stlth    ..........             (no amulet)
HPRegen  0.14/turn              (no ring)
MPRegen  0.09/turn              (no ring)

@: no status effects
A: no food or potions, fire vulnerability, cold resistance 1, negative energy
resistance 3, torment resistance, unbreathing
a: no special abilities


You were on level 3 of the Dungeon.
You were not hungry.

You visited 1 branch of the dungeon, and saw 4 of its levels.
You also visited: Sewer.

You collected 92 gold pieces.

Inventory:

Hand Weapons
 a - a +0 long sword
 j - a +0 blowgun
 n - a +1 whip of electrocution (weapon)
Missiles
 d - 118 stones (quivered)
 k - 8 poisoned needles
Armour
 b - a +0 scale mail (worn)
 c - a +0 shield (worn)
 f - a +1 pair of gloves (worn)
 m - a +0 helmet (worn)
Wands
 l - a wand of polymorph (11)
Scrolls
 e - a scroll of enchant armour {!r}
 g - 2 scrolls of remove curse {!r}
 h - a scroll of blinking {!r, unknown}
 i - 2 scrolls of fog {!r}


   Skills:
 + Level 3.8 Fighting
 - Level 2.0 Long Blades
 + Level 3.1 Armour
 + Level 3.1 Dodging
 + Level 3.1 Shields


You had 4 spell levels left.
You didn't know any spells.

Dungeon Overview and Level Annotations

Branches:
Dungeon (4/15)
 Temple: D:4-7

Altars:
Cheibriados
The Shining One

Annotations:
D:2 Sigmund
D:3 Natasha


Innate Abilities, Weirdness & Mutations

You do not eat or drink.
Your flesh is vulnerable to fire.
You are immune to poison.
Your flesh is cold resistant. (rC+)
You are immune to negative energy. (rN+++)
You are immune to unholy pain and torment.
You can survive without breathing.


Message History

You climb upwards.
Level annotation: Natasha The orc priest shouts!
You hear a shout! x2
An orc comes into view.
There is a stone staircase leading down here.
You hit the orc.
The orc is moderately wounded.
The phantom hits you. The orc hits you but does no damage.
You slash the orc!
You kill the orc!
The phantom hits you but does no damage.
The orc priest hits you but does no damage.
An orc comes into view. It is wielding a whip.
Things that are here:
a whip of electrocution; an orc corpse
n - a whip of electrocution The orc shouts!
The phantom blinks!
Wield which item (- for none, * to show all)? (? for menu, Esc to quit)
You hear the crackle of electricity.
n - a +1 whip of electrocution (weapon)
You closely miss the orc.
The orc priest looks satisfied for a moment.
You block the orc's attack.
Your shield and scale mail prevent you from hitting the orc.
You block the orc's attack.
You closely miss the orc. The orc closely misses you.
The orc barely misses you.
You hit the orc.
The orc is severely wounded.
The orc priest miscasts a cantrip.
The orc hits you but does no damage.
You whack the orc!
You kill the orc!
You block the phantom's attack.
You closely miss the orc priest. The orc priest hits you with a dagger.
The phantom hits you.
The phantom blinks!
You closely miss the orc priest. You block the orc priest's attack. x2
You hit the orc priest but do no damage.
You block the orc priest's attack.
You hit the orc priest.
The orc priest is lightly wounded.
The orc priest barely misses you.
You hit the orc priest.
Lightning courses through the orc priest!
The orc priest is almost dead.
You block the orc priest's attack.
You closely miss the orc priest.
The orc priest is almost dead.
The orc priest mumbles some strange prayers to Beogh against you.
Beogh smites you!
* * * LOW HITPOINT WARNING * * *
The phantom hits you.
* * * LOW HITPOINT WARNING * * *
You hit the orc priest but do no damage.
The orc priest is almost dead.
The orc priest closely misses you. The phantom barely misses you.
You block the orc priest's attack.
You barely miss the orc priest.
The orc priest is almost dead.
The phantom blinks!
The orc priest calls down the wrath of Beogh upon you.
Beogh smites you!
You die...

*########## *.....oo@.#
*.#######§# *********,*
#.#*############ ,,,,,,,,,,*
#..,...........## ***********
#..###########... ##### #.W#
*******#..# #§§§# #..#
**,,,,.....# #.#§#
#o.#**,,,*####.##
##.#§#########..#.,,,*,***#.#


You could see a phantom, an orc priest and 2 orcs.

Vanquished Creatures
  Ijyb (D:3)
  Robin (D:2)
  9 adders
  A river rat (D:3)
  2 oozes (D:1)
  3 dart slugs
  7 leopard geckos
  8 orcs
  4 giant cockroaches
  11 goblins
  9 hobgoblins
  4 jackals
  A quokka (D:2)
  4 ball pythons
  8 bats
  9 frilled lizards
  16 kobolds
  7 rats
  2 plants (Sewer)
107 creatures vanquished.

Notes
Turn   | Place    | Note
-------+----------+-------------------------------------------
     0 | D:1      | Amnesiac the Mummy Fighter began the quest for the Orb.
     0 | D:1      | Reached XP level 1. HP: 18/18 MP: 1/1
    93 | D:1      | Reached XP level 2. HP: 18/24 MP: 2/2
   317 | D:1      | Reached skill level 1 in Dodging
   829 | D:2      | Reached XP level 3. HP: 28/29 MP: 3/3
  1240 | D:2      | Found a glowing golden altar of the Shining One.
  1272 | D:2      | Reached XP level 4. HP: 31/35 MP: 4/4
  1304 | D:2      | Noticed Sigmund
  1525 | D:3      | Found a snail-covered altar of Cheibriados.
  1526 | D:3      | Noticed Natasha
  1631 | D:3      | Reached XP level 5. HP: 28/41 MP: 5/5
  1640 | D:3      | Found a glowing drain.
  1652 | Sewer    | Entered a sewer
  2491 | D:3      | Noticed Ijyb
  2538 | D:3      | Killed Ijyb
  3033 | D:2      | Noticed Robin
  3056 | D:2      | Killed Robin
  3777 | D:4      | Noticed a phantom
  3799 | D:3      | Killed from afar by an orc priest

Vault maps used:
D:1:      dpeg_arrival_tiny_c
D:2:      lemuel_doored_altar, first_ration, uniq_sigmund, uniq_robin
D:3:      lemuel_round_altar, portal_sewer_entry_a, minmay_misc_feat_tiny,
          uniq_ijyb, uniq_crazy_yiuf_cottage, uniq_natasha
D:4:      kennysheep_mini_moat, serial_shops, kennysheep_mini, st_stairs_14
Sewer:    sewer_co_scattered_pipes

Skill      XL: |  1  2  3  4  5 |
---------------+----------------+-----
Long Blades    | 2 |  2.0
Dodging        | 1 2 3 |  3.1
Armour         | 3 |  3.1
Shields        | 3 |  3.1
Fighting       | |  3.8

Action                   |  1- 3 |  4- 6 || total
-------------------------+-------+-------++-------
Melee: Long sword        |   124 |   305 ||   429
       Whip              |       |    13 ||    13
  Use: Scroll            |       |     7 ||     7
Armor: Scale mail        |    68 |   102 ||   170
Dodge: Dodged            |    46 |   106 ||   152
Block: Shield            |    58 |   160 ||   218
       Rpst.: Long sword |    10 |    37 ||    47

Table legend:
 A = Spawn XP
 B = Non-spawn XP
 C = Spawn XP percentage of total XP
 D = Spawn monster count
 E = Non-spawn monster count
 F = Spawn count percentage of total count
 G = Total turns spent on level
                    A         B        C        D         E        F      G
               +---------+---------+-------+---------+---------+-------+---------
         Total |       0 |     370 |   0.0 |       0 |     105 |   0.0 |  3799
               +---------+---------+-------+---------+---------+-------+---------
           D:1 |       0 |      40 |   0.0 |       0 |      17 |   0.0 |   794
           D:2 |       0 |     122 |   0.0 |       0 |      42 |   0.0 |  1604
           D:3 |       0 |     144 |   0.0 |       0 |      26 |   0.0 |   349
         Sewer |       0 |      64 |   0.0 |       0 |      20 |   0.0 |   819
               +---------+---------+-------+---------+---------+-------+---------
